 Seeded DCSS version 0.30-a0-857-gcaf70739d4 (webtiles) character file.

Game seed: 18242870539230726858 (custom seed)

282 bmack86 the Chopper (level 6, -2/55 HPs)
             Began as a Minotaur Fighter on Mar 6, 2023.
             Slain by an ogre
             ... wielding a +0 giant club
              (20 damage)
             ... on level 4 of the Dungeon.
             The game lasted 00:05:34 (2044 turns).

bmack86 the Chopper (Minotaur Fighter)              Turns: 2044, Time: 00:05:35

Health: -2/55      AC: 10    Str: 23    XL:     6   Next: 6%
Magic:  5/5        EV:  9    Int:  5    God:
Gold:   41         SH:  4    Dex:  9    Spells: 5/5 levels left

rFire   . . .      SeeInvis .    a - +0 war axe
rCold   . . .      Faith    .    c - +0 buckler
rNeg    . . .      Spirit   .    b - +0 scale mail
rPois   +          Reflect  .    (helmet restricted)
rElec   .          Rampage  .    (no cloak)
rCorr   .                        (no gloves)
Will    .....                    j - +2 pair of boots {Fly} Stlth
                                 q - amulet of regeneration
HPRegen 1.09/turn                k - ring of poison resistance
MPRegen 0.09/turn                (no ring)

@: flying
A: horns 2, retaliatory headbutt
a: no special abilities


You were on level 4 of the Dungeon.
You visited 1 branch of the dungeon, and saw 4 of its levels.

You collected 226 gold pieces.
You spent 185 gold pieces at shops.

Inventory:

Hand Weapons
 a - a +0 war axe (weapon)
Armour
 b - a +0 scale mail (worn)
 c - a +0 buckler (worn)
 j - a +2 pair of boots of flying (worn)
Jewellery
 k - a ring of poison resistance (left hand)
 q - an amulet of regeneration (around neck)
 s - a ring of flight
Scrolls
 f - a scroll of fear {unknown}
 h - 2 scrolls of vulnerability {unknown}
 i - 5 scrolls of identify
 l - a scroll of enchant weapon {unknown}
 o - a scroll of teleportation {unknown}
 r - a scroll of torment {unknown}
 t - a scroll of blinking {unknown}
Potions
 d - a potion of might
 e - 2 potions of attraction
 g - 2 potions of mutation
 m - a potion of invisibility {unknown}
 n - a potion of degeneration {unknown}
 p - a potion of haste {unknown}


   Skills:
 + Level 4.8 Fighting
 * Level 5.2 Axes
 + Level 4.9 Armour
 + Level 4.9 Shields


You had 5 spell levels left.
You didn't know any spells.
Your spell library contained the following spells:

 Spells                   Type           Power      Damage    Failure   Level
 Magic Dart               Conj           0%         1d3       86%         1
 Call Imp                 Summ           0%         N/A       94%         2
 Mephitic Cloud           Conj/Pois/Air  0%         N/A       99%         3


Dungeon Overview and Level Annotations

Branches:
Dungeon (3/15)

Altars:
Gozag

Shops:
D:1 ((*[*   D:2 *


Innate Abilities, Weirdness & Mutations

You have a pair of horns on your head.
You reflexively headbutt those who attack you in melee.


Message History

You slash the goblin!
You kill the goblin!
Things that are here:
a +0 dagger; a goblin corpse
Found an opulent altar of Gozag.
The quokka bites you. x2
The quokka bites you but does no damage.
You slash the quokka!
You kill the quokka!
Found a stone staircase leading down.
A hobgoblin comes into view.
Found a stone staircase leading down.
The hobgoblin shouts!
A goblin comes into view. It is wielding a +0 dagger.
The goblin shouts!
The goblin moves out of view.
Found a scroll labelled HEGASE REETZ.
The hobgoblin hits you but does no damage.
You barely miss the hobgoblin. You headbutt the hobgoblin.
You kill the hobgoblin!
You hit the goblin. The goblin hits you but does no damage.
The goblin hits you but does no damage. The goblin hits you but does no damage.
An ogre comes into view. It is wielding a +0 giant club.
The goblin barely misses you.
You slash the goblin!
You kill the goblin!
Things that are here:
a +0 dagger; a goblin corpse The ogre hits you with a +0 giant club!!
You barely miss the ogre.
The ogre hits you with a +0 giant club!!
* * * LOW HITPOINT WARNING * * *
You hit the ogre. You headbutt the ogre!
The ogre is heavily wounded.
The ogre barely misses you.
You closely miss the ogre.
The ogre is heavily wounded.
The ogre hits you with a +0 giant club!!
You die...

#########
###.......###
..>.........#####
#.........#....
#........>..#
##...........#
##....).......#
#..@...##...#.#
..
#....O.#####.##
.. _. #.?...##
##.## . ..
#.....## ##.## ..
#...... ##.## ..
....#..
##...###.#
...###.
##........# ..#
#. ##........##
#..........#


You could see an ogre.

Vanquished Creatures
  Sigmund (D:2)
  3 gnolls (D:2)
  3 adders (D:2)
  A worm (D:2)
  2 dart slugs
  3 ball pythons
  5 endoplasms
  6 giant cockroaches
  5 hobgoblins
  2 quokkas
  7 bats
  12 frilled lizards
  11 goblins
  6 kobolds
  6 rats
73 creatures vanquished.

Vanquished Creatures (others)
  6 plants (D:1)
6 creatures vanquished.

Grand Total: 79 creatures vanquished

Notes
Turn   | Place    | Note
-------+----------+-------------------------------------------
     0 | D:1      | bmack86 the Minotaur Fighter began the quest for the Orb.
     0 | D:1      | Reached XP level 1. HP: 19/19 MP: 0/0
   244 | D:1      | Found Gaux's General Store.
   288 | D:1      | Reached XP level 2. HP: 27/27 MP: 1/1
   305 | D:1      | Reached skill level 3 in Axes
   453 | D:1      | Found Ridunu's General Store.
   492 | D:1      | Bought a scroll of identify for 20 gold pieces
   492 | D:1      | Bought a scroll of identify for 20 gold pieces
   492 | D:1      | Bought a scroll of identify for 20 gold pieces
   548 | D:1      | Found Mapt's Weapon Shop.
   604 | D:1      | Found Mazynewu's Weapon Shoppe.
   640 | D:1      | Found Iczoal's Antique Armour Shop.
   967 | D:2      | Noticed Sigmund
   975 | D:2      | Reached XP level 3. HP: 22/33 MP: 2/2
   977 | D:2      | Killed Sigmund
   978 | D:2      | Reached skill level 4 in Axes
   978 | D:2      | Reached XP level 4. HP: 27/41 MP: 3/3
   978 | D:2      | Reached XP level 5. HP: 31/47 MP: 4/4
  1307 | D:2      | Identified the +0 leather armour of Xuytoo {rF++ rN+}
  1524 | D:2      | Reached skill level 5 in Axes
  1526 | D:2      | Found Qerurash's Assorted Antiques.
  1543 | D:2      | Bought a thin malachite amulet for 125 gold pieces
  1815 | D:2      | Reached XP level 6. HP: 52/55 MP: 5/5
  1874 | D:3      | You are sucked into a shaft and drop 1 floor!
  2012 | D:4      | Found an opulent altar of Gozag.
  2044 | D:4      | Slain by an ogre

Illustrated notes

Levels and vault maps discovered:
D:1:      dpeg_arrival_stone_temple_mockup, layout_basic, serial_shops, shop,
          shop_statue, shop_statue, nicolae_shop_advertising_works
          [nicolae_subvault_shop_adworks], nicolae_shop_bloodbath_and_beyond,
          minmay_lizard_king
D:2:      layout_loops_ring, serial_shops, nicolae_lakefront_shop,
          minmay_pentomino_pile, uniq_sigmund
D:3:      layout_loops_ring
D:4:      layout_cave_pods, grunt_gozag_statues,
          mainiacjoe_overflow_divided_tiny

Skill      XL: |  1  2  3  4  5 |
---------------+----------------+-----
Axes           | 3 4 5 |  5.2
Shields        | 4 |  4.9
Fighting       | 4 |  4.8
Armour         | 4 |  4.9

Action                     |  1- 3 |  4- 6 || total
---------------------------+-------+-------++-------
  Melee: War axe           |    50 |    86 ||   136
         Headbutt          |     6 |    15 ||    21
    Use: Scroll            |     2 |       ||     2
 Armour: Scale mail        |    36 |    67 ||   103
  Dodge: Dodged            |    30 |    43 ||    73
  Block: Buckler           |    18 |    23 ||    41

Table legend: (Time is in decaauts)
 A = Elapsed time spent in this place.
 B = Non-inter-level travel time spent in this place.
 C = Inter-level travel time spent in this place.
 D = Time resting spent in this place.
 E = Time spent auto-exploring this place.
 F = Levels seen in this place.
 G = Mean time per level.
                   A        B        C        D        E       F      G
               +--------+--------+--------+--------+--------+-----+--------+
         Total |   2087 |   2041 |     46 |      0 |   1145 |   4 |  521.8 |
       Dungeon |   2087 |   2041 |     46 |      0 |   1145 |   4 |  521.8 |
               +--------+--------+--------+--------+--------+-----+--------+

Top non-repeatable levels by time:
     D:1: 976 daAuts
     D:2: 919 daAuts
     D:4: 176 daAuts
     D:3: 14 daAuts
